 Dungeon Sprint DCSS version 0.26-a0-652-gafc20e3620 (webtiles) character file.

Game seed: 10558155492133475201

1077 mhtbhm the Blocker (level 8, 0/79 HPs)
             Began as a Minotaur Fighter on Oct 1, 2020.
             Succumbed to a cane toad's poison
             ... in the Dungeon (Sprint VII: "The Pits").
             The game lasted 00:01:28 (777 turns).

mhtbhm the Blocker (Minotaur Fighter)                Turns: 777, Time: 00:01:28

Health: 0/79       AC: 10    Str: 22    XL:     8   Next: 8%
Magic:  7/7        EV: 12    Int:  5    God:
Gold:   0          SH: 12    Dex: 11    Spells: 7/7 levels left

rFire    . . .     SeeInvis .   a - +1 hand axe (vorpal)
rCold    . . .     Faith    .   c - +0 kite shield
rNeg     . . .     Spirit   .   b - +3 ring mail
rPois    .         Reflect  .   (helmet restricted)
rElec    .         Harm     .   (no cloak)
rCorr    .         Rampage  .   (no gloves)
MR       .....     NoTele   +   (no boots)
Stlth    +.........             (no amulet)
HPRegen  0.23/turn              (no ring)
MPRegen  0.10/turn              (no ring)

@: lethally poisoned (0 -> -10)
A: retaliatory headbutt, horns 2
a: no special abilities


You were in the Dungeon.
You visited 1 branch

Inventory:

Hand Weapons
 a - a +1 vorpal hand axe (weapon)
Armour
 b - a +3 ring mail (worn)
 c - a +0 kite shield (worn)
Scrolls
 j - a scroll of blinking
 l - 3 scrolls of remove curse
 m - 5 scrolls of amnesia
 n - a scroll of summoning
Potions
 d - a potion of might
 e - 6 potions of curing
 f - 4 potions of heal wounds
 g - a potion of haste
 h - 4 potions of magic
 i - 2 potions of berserk rage
 k - 2 potions of invisibility


   Skills:
 + Level 10.3 Fighting
 + Level 9.9 Axes
 + Level 10.8 Armour
 + Level 4.4 Dodging
 + Level 11.9 Shields


You had 7 spell levels left.
You didn't know any spells.
Your spell library was empty.

Dungeon Overview and Level Annotations

Branches:
Dungeon (1/1)

Altars:
Cheibriados
Dithmenos
Elyvilon
Fedhas
Gozag
Hepliaklqana
Makhleb
Nemelex Xobeh
Okawaru
Qazlal
Ru
Sif Muna
Trog
Wu Jian
Xom
Yredelemnul
Zin
The Shining One
Jiyva


Innate Abilities, Weirdness & Mutations

You reflexively headbutt those who attack you in melee.
You have a pair of horns on your head.


Message History

The cane toad is moderately wounded.
You feel sick. The cane toad stings you.
* * * LOW HITPOINT WARNING * * *
You hit the cane toad. You headbutt the cane toad.
The cane toad is severely wounded.
* * * LOW HITPOINT WARNING * * *
You feel sick. You block the cane toad's attack.
You hit the cane toad but do no damage. Your headbutt misses the cane toad.
The cane toad is severely wounded.
* * * LOW HITPOINT WARNING * * *
You feel sick. The cane toad stings you!
* * * LOW HITPOINT WARNING * * *
You barely miss the cane toad.
The cane toad is severely wounded.
* * * LOW HITPOINT WARNING * * *
You feel sick.
The cane toad stings you but does no damage.
You hit the cane toad but do no damage.
The cane toad is severely wounded.
You die...

#.#..†...#.##.......#
#.#.†'...).##.......#
#.#..########...<...#
#.#..'.))[.##.......#
#.#..#.)))[##.......#
#)###########.......#
#.......#..##########
#...#...#†######
#...#...#@#....#
#.##.##.#F#....#
#...#...#3S.K..+
#...#...#)#....#
#.......'.#....#
################


You could see a soul eater (summoned), a cane toad and a water moccasin.

Vanquished Creatures
  A flying skull (D)
  A spriggan (D)
  A fire bat (D)
  A warg (D)
  A water moccasin (D)
  A phantom (D)
  A wolf (D)
  Blork the orc (D)
  A bullfrog (D)
  An iron imp (D)
  An iguana (D)
  An adder (D)
  2 river rats (D)
  An ufetubus (D)
  An ooze (D)
  An adder zombie (D)
  A giant cockroach (D)
  A quokka (D)
  A ball python (D)
  A kobold (D)
21 creatures vanquished.

Notes
Turn   | Place    | Note
-------+----------+-------------------------------------------
     0 | D        | mhtbhm the Minotaur Fighter began the quest for the Orb.
     0 | D        | Reached XP level 1. HP: 19/19 MP: 0/0
    14 | D        | Reached skill level 4 in Shields
    14 | D        | Reached XP level 2. HP: 20/28 MP: 1/1
    46 | D        | Found a bloodstained altar of Trog.
    46 | D        | Found a shimmering blue altar of Sif Muna.
    46 | D        | Found a viscous altar of Jiyva.
    46 | D        | Found a hazy altar of Hepliaklqana.
    46 | D        | Found an opulent altar of Gozag.
    47 | D        | Found a glowing golden altar of the Shining One.
    47 | D        | Found a glowing silver altar of Zin.
    47 | D        | Found a basalt altar of Yredelemnul.
    47 | D        | Found a shimmering altar of Xom.
    47 | D        | Found an ornate altar of the Wu Jian Council.
    47 | D        | Found a sacrificial altar of Ru.
    47 | D        | Found a stormy altar of Qazlal.
    47 | D        | Found an iron altar of Okawaru.
    47 | D        | Found a sparkling altar of Nemelex Xobeh.
    47 | D        | Found a burning altar of Makhleb.
    47 | D        | Found a blossoming altar of Fedhas.
    47 | D        | Found a white marble altar of Elyvilon.
    47 | D        | Found a shadowy altar of Dithmenos.
    47 | D        | Found a snail-covered altar of Cheibriados.
   172 | D        | Reached skill level 5 in Shields
   178 | D        | Noticed a fire bat
   183 | D        | Killed a fire bat
   183 | D        | Reached skill level 8 in Shields
   183 | D        | Reached XP level 3. HP: 29/39 MP: 2/2
   183 | D        | Reached XP level 4. HP: 35/47 MP: 3/3
   183 | D        | Reached XP level 5. HP: 39/52 MP: 4/4
   185 | D        | Reached skill level 5 in Axes
   371 | D        | Noticed Blork the orc
   371 | D        | Noticed a wolf
   371 | D        | Noticed a flying skull
   371 | D        | Noticed a phantom
   389 | D        | Killed a wolf
   389 | D        | Reached skill level 1 in Dodging
   389 | D        | Reached skill level 9 in Shields
   394 | D        | Killed a flying skull
   394 | D        | Reached skill level 10 in Shields
   394 | D        | Reached XP level 6. HP: 33/63 MP: 5/5
   403 | D        | Killed Blork the orc
   480 | D        | Reached skill level 10 in Armour
   480 | D        | Reached XP level 7. HP: 39/70 MP: 6/6
   635 | D        | Reached skill level 11 in Shields
   638 | D        | Noticed a spriggan
   646 | D        | Killed a spriggan
   646 | D        | Reached skill level 10 in Fighting
   655 | D        | Reached XP level 8. HP: 63/79 MP: 7/7
   761 | D        | Noticed a kobold demonologist
   761 | D        | Noticed a cane toad
   771 | D        | Noticed a soul eater
   775 | D        | HP: 2/79 [cane toad (9)]
   777 | D        | Succumbed to a cane toad's poison

Illustrated notes

Levels and vault maps discovered:
D:        pitsprint [storerooms_1, entrance_room_1, metal_vault_6, armoury_3,
          mini_pit_1, grid_room_1, main_hall_1, silver_pit, the_coven_1,
          the_vestibule_1, steel_vault_3, golden_pit, hallway_of_sentries,
          crystal_vault_4, iron_vault_4, final_vault]

Skill      XL: |  1  2  3  4  5  6  7 |
---------------+----------------------+-----
Fighting       | 4 7 9 10 | 10.3
Armour         | 4 7 9 10 | 10.8
Shields        | 4 8 10 11 | 11.9
Axes           | 4 6 7 9 |  9.9
Dodging        | 2 3 4 |  4.4

Action                   |  1- 3 |  4- 6 |  7- 9 || total
-------------------------+-------+-------+-------++-------
Melee: War axe           |     5 |       |       ||     5
       Headbutt          |     2 |     5 |     8 ||    15
       Hand axe          |    16 |    43 |    40 ||    99
  Use: Potion            |     1 |     2 |       ||     3
Armor: Scale mail        |     9 |       |       ||     9
       Ring mail         |       |    12 |     4 ||    16
Dodge: Dodged            |     7 |    13 |     5 ||    25
Block: Kite shield       |    16 |    23 |    17 ||    56

Table legend: (Time is in decaauts)
 A = Elapsed time spent in this place.
 B = Non-inter-level travel time spent in this place.
 C = Inter-level travel time spent in this place.
 D = Time resting spent in this place.
 E = Time spent auto-exploring this place.
 F = Levels seen in this place.
 G = Mean time per level.
                   A        B        C        D        E       F      G
               +--------+--------+--------+--------+--------+-----+--------+
         Total |    790 |    790 |      0 |    323 |    128 |   1 |  790.0 |
       Dungeon |    790 |    790 |      0 |    323 |    128 |   1 |  790.0 |
               +--------+--------+--------+--------+--------+-----+--------+

Top non-repeatable levels by time:
       D: 790 daAuts
